 Dungeon Crawl Stone Soup version 0.30-a0-847-g17996783a1 (webtiles) character file.

Game seed: 6370670215657680178

30 cforsyth the Sneak (level 3, -3/21 (22) HPs)
             Began as a Kobold Brigand on Mar 3, 2023.
             Slain by a gnoll
             ... wielding a +0 flail of draining
              (6 damage)
             ... on level 1 of the Dungeon.
             The game lasted 00:00:52 (849 turns).

cforsyth the Sneak (Kobold Brigand)                  Turns: 849, Time: 00:00:52

HP:   -3/21 (22)    AC:  3    Str:  8    XL:     3   Next: 35%
MP:   3/3           EV: 15    Int: 12    God:
Gold: 46            SH:  0    Dex: 18    Spells: 2/2 levels left

rFire   . . .      SeeInvis .    a - +2 dagger
rCold   . . .      Faith    .    (no shield)
rNeg    . . .      Spirit   .    b - +0 robe
rPois   .          Reflect  .    (no helmet)
rElec   .          Rampage  .    c - +0 cloak
rCorr   .                        (no gloves)
Will    .....                    (no boots)
Stlth   ++++                     (no amulet)
HPRegen 0.23/turn                (no ring)
MPRegen 0.08/turn                (no ring)

@: lightly drained
A: small, no large weapons, nightstalker 3
a: no special abilities


You were on level 1 of the Dungeon.
You visited 1 branch of the dungeon, and saw 2 of its levels.

You collected 46 gold pieces.

Inventory:

Hand Weapons
 a - a +2 dagger (weapon)
Missiles
 d - 9 poisoned darts (quivered)
 e - 3 curare-tipped darts
Armour
 b - a +0 robe (worn)
 c - a +0 cloak (worn)
Scrolls
 f - a scroll of enchant weapon {unknown}
 j - a scroll of teleportation {unknown}
Potions
 g - a potion of cancellation {unknown}
 h - 2 potions of mutation {unknown}
 i - 2 potions of curing {unknown}


   Skills:
 + Level 2.7 Fighting
 + Level 3.3 Short Blades
 - Level 2.1 Throwing
 + Level 2.0 Dodging
 + Level 5.7 Stealth


You had 2 spell levels left.
You didn't know any spells.
Your spell library was empty.

Dungeon Overview and Level Annotations

Branches:
Dungeon (2/15)

Altars:


Innate Abilities, Weirdness & Mutations

You are small and have problems with some larger weapons.
You are completely attuned to the shadows.


Message History

The gnoll is moderately wounded.
The gnoll hits you with a +0 spear.
You hit the gnoll but do no damage.
The gnoll is moderately wounded.
You hit the gnoll.
The gnoll is moderately wounded.
The gnoll barely misses you.
You hit the gnoll but do no damage.
The gnoll is moderately wounded.
The gnoll barely misses you.
The gnoll hits you from afar with a +0 spear.
You are too injured to fight recklessly!
You are too injured to fight recklessly!
You are too injured to fight recklessly!
You are too injured to fight recklessly!
You are too injured to fight recklessly!
You are too injured to fight recklessly!
You are too injured to fight recklessly!
You are too injured to fight recklessly!
You are too injured to fight recklessly!
You are too injured to fight recklessly!
You are too injured to fight recklessly!
The gnoll attacks as you move away! The gnoll completely misses you.
You hit the gnoll.
The gnoll is heavily wounded.
The gnoll hits you with a +0 flail of draining.
* * * LOW HITPOINT WARNING * * *
You feel drained.
A gnoll comes into view. It is wielding a +0 spear.
You see here 11 gold pieces.
The gnoll attacks as you move away! The gnoll closely misses you.
There is a stone staircase leading up here.
You climb upwards.
There is a stone staircase leading down here.
You hit the gnoll but do no damage.
The gnoll is heavily wounded.
You barely miss the gnoll.
The gnoll is heavily wounded.
The gnoll hits you with a +0 flail of draining.
You die...

...# #.....# ...#
#.....# ##.########
#.....#
..........######.....#
##.###....##...'.....#
.....#....##.###.....#
####.###'###.# #.#####
####.###.###.###.#
................@#
####'#######.###g#
#.......#....# #.#
#.8.8.8.#.#### #.#
#.......#....# #.#
+.8.<.8.+....# #.#
#.......#....# #.#
#.8[8.8.#....# #.#
#.......#.#### #.#


You could see a gnoll.

Vanquished Creatures
  2 dart slugs (D:1)
  A ball python (D:1)
  2 endoplasms (D:1)
  5 goblins (D:1)
  2 quokkas
  7 bats (D:1)
  3 kobolds (D:1)
  A rat (D:1)
23 creatures vanquished.

Notes
Turn   | Place    | Note
-------+----------+-------------------------------------------
     0 | D:1      | cforsyth the Kobold Brigand began the quest for the Orb.
     0 | D:1      | Reached XP level 1. HP: 12/12 MP: 1/1
    67 | D:1      | Reached XP level 2. HP: 18/18 MP: 2/2
   472 | D:1      | Found a faded altar of an unknown god.
   496 | D:1      | Reached XP level 3. HP: 19/22 MP: 3/3
   841 | D:2      | HP: 1/22 [gnoll/+0 flail of draining (6)]
   849 | D:1      | Slain by a gnoll

Illustrated notes

Levels and vault maps discovered:
D:1:      doesnt_arrival_eight_statues, layout_basic,
          shapermc_ecumenical_altar_gd
D:2:      layout_basic, item_on_display_a

Skill      XL: |  1  2  3 |
---------------+----------+-----
Short Blades   | 3 |  3.3
Dodging        | 2 |  2.0
Fighting       | |  2.7
Throwing       | |  2.1
Stealth        | |  5.7

Action                     || total
---------------------------++-------
  Melee: Dagger            ||    56
   Stab: Sleeping          ||    14
 Armour: Robe              ||     6
  Dodge: Dodged            ||    22

Table legend: (Time is in decaauts)
 A = Elapsed time spent in this place.
 B = Non-inter-level travel time spent in this place.
 C = Inter-level travel time spent in this place.
 D = Time resting spent in this place.
 E = Time spent auto-exploring this place.
 F = Levels seen in this place.
 G = Mean time per level.
                   A        B        C        D        E       F      G
               +--------+--------+--------+--------+--------+-----+--------+
         Total |    841 |    830 |     11 |      0 |    699 |   2 |  420.5 |
       Dungeon |    841 |    830 |     11 |      0 |    699 |   2 |  420.5 |
               +--------+--------+--------+--------+--------+-----+--------+

Top non-repeatable levels by time:
     D:1: 823 daAuts
     D:2: 17 daAuts
